 Dungeon Crawl Stone Soup version 0.17-a0-1382-gc46a074 (webtiles) character file.

30207 Steifyn the Warrior (level 13, -2/127 HPs)
             Began as a Minotaur Berserker on June 15, 2015.
             Was a High Priest of Trog.
             Slain by a spriggan rider
             ... wielding a +0 spear
              (6 damage)
             ... on level 1 of the Swamp.
             The game lasted 01:09:18 (15806 turns).

Steifyn the Warrior (Minotaur Berserker)           Turns: 15806, Time: 01:09:18

Health: -2/127     AC: 23    Str: 35    XL:     13   Next: 19%
Magic:  12/12      EV: 13    Int:  4    God:    Trog [*****.]
Gold:   956        SH:  0    Dex: 10    Spells: 0 memorised, 12 levels left

rFire  + . .     SeeInvis .     O - +3 eveningstar (crush)
rCold  . . .     Clarity  .     P - +1 plate armour
rNeg   . . .     SustAt   .     (no shield)
rPois  +         Gourm    .     M - +1 hat
rElec  +         Spirit   .     D - +2 cloak {rPois}
rCorr  .         Warding  .     x - +0 pair of gloves
rMut   .         Stasis   .     (no boots)
MR     +....                    (no amulet)
Stlth  ..........               C - ring "Zysm" {+Fly rElec Str+4 Slay+3 Stlth-}
                                a - ring "Gienkes" {+Inv rF+ MR+ Str+4}

@: about to teleport, somewhat resistant to hostile enchantments, extremely
unstealthy
A: retaliatory headbutt, horns 2
a: Burn Spellbooks, Berserk, Trog's Hand, Brothers in Arms, Renounce Religion,
Evoke Invisibility, Evoke Flight


You were on level 1 of the Swamp.
You worshipped Trog.
Trog was extremely pleased with you.
You were not hungry.

You visited 3 branches of the dungeon, and saw 17 of its levels.
You also visited: Ice Cave.

You collected 1098 gold pieces.
You spent 142 gold pieces at shops.

Inventory:

Hand weapons
 z - a +4 quarterstaff of protection
 B - the +11 war axe of Gravity {pain, rElec SInv}
   (You found it on level 7 of the Dungeon)

   In the hands of one skilled in necromantic magic, it inflicts extra damage on
   living creatures.
   It insulates you from electricity.
   It lets you see invisible.
 O - a +3 eveningstar of crushing (weapon)
Armour
 j - a +7 chain mail
 x - a +0 pair of gloves (worn)
 D - a +2 cloak of poison resistance (worn)
 M - a +1 hat (worn)
 P - a +1 plate armour (worn)
Jewellery
 a - the ring "Gienkes" (left hand) {+Inv rF+ MR+ Str+4}
   (You found it on level 4 of the Dungeon)

   [ring of protection from magic]

   It affects your strength (+4).
   It protects you from fire.
   It affects your resistance to hostile enchantments.
   It lets you turn invisible.
 h - the ring "Wadokuxi" {Fire rPois Int+4 Dex+3 Stlth-}
   (You found it on level 1 of the Lair of Beasts)

   [ring of fire]

   It enhances your fire magic, and weakens your ice magic.
   It affects your intelligence (+4).
   It affects your dexterity (+3).
   It protects you from fire.
   It makes you vulnerable to cold.
   It protects you from poison.
   It makes you less stealthy.
 C - the ring "Zysm" (right hand) {+Fly rElec Str+4 Slay+3 Stlth-}
   (You took it off an orc on level 6 of the Dungeon)

   [ring of loudness]

   It affects your strength (+4).
   It affects your accuracy and damage with ranged weapons and melee attacks
   (+3).
   It insulates you from electricity.
   It lets you fly.
   It makes you less stealthy.
Magical devices
 g - a wand of invisibility (8)
 i - a wand of draining (8)
 k - a wand of paralysis (13)
 n - a wand of random effects (15)
 o - a wand of heal wounds (0)
 q - a wand of draining (7)
 r - a wand of random effects (19)
 s - a wand of paralysis (9)
 t - a wand of magic darts (9)
 y - a wand of magic darts (18)
 E - a wand of lightning (5)
Scrolls
 d - 4 scrolls of magic mapping
 f - 7 scrolls of remove curse
 l - 2 scrolls of recharging
 p - 2 scrolls of fear
 w - 3 scrolls of fog
 A - a scroll of teleportation
 F - a scroll of identify
Potions
 e - 2 potions of cancellation
 m - 7 potions of curing
 u - 2 potions of flight
 G - a potion of resistance
 H - a potion of magic
 L - 3 potions of agility
 Q - a potion of might
Miscellaneous
 I - a stone of tremors
 R - a plain deck of summoning {the Elements, drawn: 1}
Comestibles
 b - 4 beef jerkies
 c - 8 bread rations
 J - a meat ration
 K - a slice of pizza
 N - 5 fruits


   Skills:
 * Level 15.4 Fighting
 + Level 9.6(10.9) Axes
 - Level 7.1(9.4) Maces & Flails
   Level 3.9(7.3) Polearms
 * Level 14.3 Armour
 + Level 10.4 Dodging


You had 12 spell levels left.
You didn't know any spells.

Dungeon Overview and Level Annotations

Branches:
Dungeon (10/15)            Temple (0/1) D:7            Lair (6/8) D:10
  Swamp (1/4) Lair:6        Snake (0/4) Lair:4
  Slime: Lair:6-8       Orc: D:9-12

Altars:
Cheibriados
Dithmenos
Gozag
Kikubaaqudgha
Qazlal
Sif Muna
Vehumet
Yredelemnul
Zin

Shops:
D:4 %   D:7 ?


Innate Abilities, Weirdness & Mutations

You reflexively headbutt those who attack you in melee.
You have a pair of horns on your head.


Message History

The spriggan rider hits you from afar with a spear!
* * * LOW HITPOINT WARNING * * *
The spriggan rider hits you with a spear!
* * * LOW HITPOINT WARNING * * *
You hit the spriggan rider.
The spriggan rider is lightly wounded.
The spriggan rider barely misses you.
The spriggan rider hits you but does no damage.
You impale the spriggan rider!!
You kill the spriggan!
Trog accepts your kill.
You headbutt the wasp!!
The wasp is severely wounded.
The spriggan rider hits you from afar with a spear.
* * * LOW HITPOINT WARNING * * *
The wasp closely misses you.
As you read the scroll of teleportation, it crumbles to dust.
You feel strangely unstable. The wasp closely misses you.
The spriggan rider hits you from afar with a spear.
You die...

♣♣§.....≈≈≈>♣♣ ≈≈≈≈≈
♣...≈≈.≈≈≈§..♣♣.≈≈≈≈
♣.≈≈≈≈≈≈≈≈≈≈≈≈)%..≈≈
♣.≈≈≈≈≈≈≈≈.♣♣..≈≈.≈≈
♣..≈≈≈≈≈..♣....≈...≈
♣..≈≈≈≈...≈§.≈≈...≈≈
♣≈.≈≈≈≈≈≈≈≈..≈≈.≈≈.≈
♣≈≈≈≈..≈≈i...≈.§♣
♣.≈≈.†.@y..≈...♣..≈
♣≈.†.≈♣..≈≈≈≈≈♣♣
♣♣.≈=≈♣♣♣♣.≈≈≈.♣
♣≈..♣♣♣ ♣..≈≈≈.♣
♣≈≈♣♣♣ ♣≈.≈≈≈≈..♣
♣♣≈ ♣...≈!...≈≈ ♣♣
♣.≈§..≈≈.≈≈≈
.≈...§≈≈..≈≈
......≈..≈...


You could see a spriggan rider and a wasp.

Vanquished Creatures
  Gastronok (Lair:3)
  3 hydras
  A swamp dragon (Swamp:1)
  3 ice statues (IceCv)
  2 hill giants
  6 black mambas
  A torpor snail (Lair:2)
  8 spiny frogs
  A fire drake (Lair:6)
  4 komodo dragons
  A troll (D:9)
  A two-headed ogre (D:8)
  16 blink frogs
  A bog body (Swamp:1)
  16 yaks
  A spriggan (Swamp:1)
  A basilisk (Lair:1)
  Eustachio (D:5)
  A steam dragon (Lair:3)
  3 hippogriffs
  4 vampire mosquitoes (Swamp:1)
  9 swamp worms
  8 water moccasins
  13 porcupines
  11 ice beasts
  16 crocodiles
  2 necrophages (D:7)
  4 ogres
  4 centaurs
  8 big kobolds
  3 elf zombies (D:7)
  8 giant frogs
  3 scorpions
  3 wights (D:6)
  A jelly (D:5)
  6 killer bees (D:7)
  A quasit (D:9)
  An electric eel (Lair:6)
  5 crimson imps
  3 human zombies (D:7)
  4 orc priests
  A giant frog skeleton (D:4)
  Crazy Yiuf (D:7)
  5 hounds
  5 orc wizards
  9 worker ants
  4 iguanas
  15 sheep
  An ogre skeleton (D:7)
  A mummy (D:7)
  A hound zombie (D:9)
  28 river rats
  A worker ant zombie (D:5)
  A gnoll (D:1)
  6 adders
  3 shadow imps
  4 oozes
  3 adder skeletons
  3 worms (D:2)
  6 giant geckos
  30 orcs
  A bat zombie (D:8)
  7 giant cockroaches
  15 hobgoblins
  4 jackals
  21 kobolds
  9 quokkas
  2 ball pythons
  A ball python skeleton (D:5)
  19 bats
  A giant newt (D:1)
  14 goblins
  An orc skeleton (D:7)
  An orc zombie (D:7)
  19 rats
  A spectral orc (D:5)
  2 fungi
435 creatures vanquished.

Vanquished Creatures (collateral kills)
  Maud (Lair:4)
1 creature vanquished.

Grand Total: 436 creatures vanquished

Notes
Turn   | Place    | Note
--------------------------------------------------------------
     0 | D:1      | Steifyn the Minotaur Berserker began the quest for the Orb.
     0 | D:1      | Reached XP level 1. HP: 19/19 MP: 0/0
   348 | D:1      | Reached skill level 4 in Fighting
   348 | D:1      | Reached XP level 2. HP: 21/27 MP: 1/1
   549 | D:1      | Reached XP level 3. HP: 31/34 MP: 2/2
   855 | D:1      | Acquired Trog's second power
  1553 | D:2      | Reached XP level 4. HP: 41/41 MP: 3/3
  1854 | D:2      | Reached skill level 1 in Maces & Flails
  2033 | D:3      | Found a radiant altar of Vehumet.
  2498 | D:4      | Reached skill level 5 in Fighting
  2498 | D:4      | Reached XP level 5. HP: 4/48 MP: 4/4
  2509 | D:4      | Found Zevi's Food Shoppe.
  2795 | D:4      | Got a brightly glowing platinum ring
  2838 | D:4      | Bought a beef jerky for 19 gold pieces
  2838 | D:4      | Bought a beef jerky for 19 gold pieces
  2838 | D:4      | Bought a slice of pizza for 19 gold pieces
  2838 | D:4      | Bought a beef jerky for 19 gold pieces
  2992 | D:4      | Got a transparent chain mail
  2993 | D:4      | Identified the +0 chain mail of Birdsong {MR+} (You found it on level 4 of the Dungeon)
  2994 | D:4      | Identified the ring "Gienkes" {+Inv rF+ MR+ Str+4} (You found it on level 4 of the Dungeon)
  3112 | D:4      | Reached XP level 6. HP: 52/57 MP: 5/5
  3168 | D:4      | Reached skill level 6 in Fighting
  3470 | D:5      | Entered Level 5 of the Dungeon
  3665 | D:5      | Found a basalt altar of Yredelemnul.
  3684 | D:5      | Acquired Trog's third power
  3684 | D:5      | Reached XP level 7. HP: 28/64 MP: 6/6
  4100 | D:5      | Noticed Eustachio
  4117 | D:5      | Killed Eustachio
  4117 | D:5      | Reached skill level 7 in Fighting
  4402 | D:5      | Reached skill level 5 in Maces & Flails
  4749 | D:5      | Reached XP level 8. HP: 72/74 MP: 7/7
  4786 | D:5      | Reached skill level 5 in Armour
  4889 | D:5      | Reached skill level 8 in Fighting
  5064 | D:5      | Found a deep blue altar of Sif Muna.
  5695 | D:6      | Reached skill level 5 in Dodging
  5743 | D:6      | Found a glowing drain.
  6253 | D:6      | Got a scorched iron ring
  6258 | D:6      | Identified the ring "Zysm" {+Fly rElec Str+4 Slay+3 Stlth-} (You took it off an orc on level 6 of the Dungeon)
  6511 | D:7      | Found a staircase to the Ecumenical Temple.
  6613 | D:7      | Found Kuzinag's Magic Scroll Shop.
  6617 | D:7      | Bought a scroll of teleportation for 33 gold pieces
  6617 | D:7      | Bought a scroll of teleportation for 33 gold pieces
  6638 | D:7      | Found a glowing silver altar of Zin.
  6715 | D:7      | Got a brightly glowing war axe
  6716 | D:7      | Identified the +11 war axe of Gravity {pain, rElec SInv} (You found it on level 7 of the Dungeon)
  6767 | D:7      | Found an ancient bone altar of Kikubaaqudgha.
  6771 | D:7      | Reached skill level 9 in Fighting
  6797 | D:7      | Reached skill level 1 in Axes
  6809 | D:7      | Reached XP level 9. HP: 79/83 MP: 8/8
  7087 | D:7      | Noticed Crazy Yiuf
  7091 | D:7      | Killed Crazy Yiuf
  7131 | D:7      | Reached skill level 10 in Fighting
  7196 | D:8      | Received a gift from Trog
  7776 | D:8      | Found a stormy altar of Qazlal.
  7861 | D:8      | Reached XP level 10. HP: 93/93 MP: 9/9
  7898 | D:8      | Found a snail-covered altar of Cheibriados.
  7908 | D:8      | Reached skill level 11 in Fighting
  8447 | D:9      | Noticed a hill giant
  8455 | D:9      | Killed a hill giant
  8577 | D:9      | Found a shadowy altar of Dithmenos.
  8633 | D:9      | Found an opulent altar of Gozag.
  8902 | D:10     | Entered Level 10 of the Dungeon
  8946 | D:10     | Reached skill level 5 in Axes
  8950 | D:10     | Reached skill level 10 in Armour
  8974 | D:10     | Noticed a hill giant
  8979 | D:10     | Killed a hill giant
  9131 | D:10     | Found a staircase to the Lair.
  9134 | D:10     | Reached skill level 12 in Fighting
  9208 | Lair:1   | Entered Level 1 of the Lair of Beasts
  9219 | Lair:1   | Received a gift from Trog
  9232 | Lair:1   | Reached XP level 11. HP: 61/103 MP: 10/10
  9625 | Lair:1   | Got a pitted copper ring
  9628 | Lair:1   | Identified the ring "Wadokuxi" {Fire rPois Int+4 Dex+3 Stlth-} (You found it on level 1 of the Lair of Beasts)
  9664 | Lair:1   | Noticed a four-headed hydra
 10438 | Lair:1   | Killed a 14-headed hydra
 11347 | Lair:2   | Reached skill level 13 in Fighting
 12001 | Lair:3   | Received a gift from Trog
 12225 | Lair:3   | Reached XP level 12. HP: 93/115 MP: 11/11
 12446 | Lair:3   | Noticed an eight-headed hydra
 12458 | Lair:3   | Killed an eight-headed hydra
 12606 | Lair:3   | Noticed Gastronok
 12617 | Lair:3   | Killed Gastronok
 12617 | Lair:3   | Reached skill level 14 in Fighting
 12823 | Lair:4   | Found a staircase to the Snake Pit.
 12852 | Lair:4   | Found a dark tunnel.
 13298 | Lair:4   | Noticed Maud
 13314 | Lair:4   | Killed Maud
 13937 | Lair:5   | Reached skill level 10 in Dodging
 13978 | Lair:5   | Found a frozen archway.
 13991 | IceCv    | Entered an ice cave
 14688 | IceCv    | Reached skill level 15 in Fighting
 15044 | Lair:5   | Reached XP level 13. HP: 117/125 MP: 12/12
 15452 | Lair:6   | Found a staircase to the Swamp.
 15470 | Swamp:1  | Entered Level 1 of the Swamp
 15805 | Swamp:1  | HP: 4/127 [spriggan rider/spear (6)]
 15806 | Swamp:1  | Slain by a spriggan rider

Vault maps used:
D:1:      lemuel_arrival_hallway, minmay_door_square
D:3:      vehumet_crystals, first_bread
D:4:      serial_shops, nicolae_shop_crystal
D:5:      minmay_opposing_rooms, yredelemnul_forgotten_temple_becter,
          lemuel_blue_sif_altar, uniq_eustachio
D:6:      gup_sewer_entry_bubbles, minmay_misc_feat_diagonals
D:7:      zin_scriptorium, lemuel_mausoleum_altar_kikubaaqudgha,
          minmay_temple_entry_glassed_door, serial_shops, kennysheep_mini_moat,
          uniq_crazy_yiuf_cottage
D:8:      kennysheep_mini, special_room, basic_altar
D:9:      nicolae_overflow_crystal_walls, basic_altar
D:10:     dpeg_lair_monsters, serial_shops, nicolae_shop_trees
Lair:1:   serial_bayou_shore_b, infiniplex_staircase_pool_2
Lair:3:   zaba_anthole, beast_lair_carwin_6, grunt_megastairs_2, uniq_gastronok
Lair:4:   dummy_snake_entry, nicolae_volcano_entry_two_sided, uniq_maud
Lair:5:   portal_ice_cave_entry_pillars_03
Lair:6:   nicolae_swamp_entry_splash_gauntlet, minmay_slime_entry_pillars,
          basic_altar, cheibrodos_lair_caveside_slide
Swamp:1:  serial_swamp_ruin, hangedman_swamp_ruin_wall,
          evilmike_swamp_ruin_house_4, evilmike_swamp_ruin_house_5, swamp_pool2
IceCv:    ice_cave_statue_garden_02

Action                   |  1- 3 |  4- 6 |  7- 9 | 10-12 | 13-15 || total
-------------------------+-------+-------+-------+-------+-------++-------
Melee: Spear             |    96 |       |       |       |       ||    96
       Whip              |    22 |   151 |   216 |       |       ||   389
       War axe           |       |       |    92 |   388 |    25 ||   505
       Lajatang          |       |       |     1 |       |       ||     1
       Quarterstaff      |       |       |       |     6 |       ||     6
       Eveningstar       |       |       |       |       |    26 ||    26
Invok: Burn Spellbooks   |       |       |       |     3 |       ||     3
       Brothers in Arms  |       |       |       |     1 |     1 ||     2
Evoke: Wand              |       |       |     1 |     9 |     1 ||    11
       Deck              |       |       |       |     1 |       ||     1
  Use: Scroll            |     5 |    11 |     9 |    13 |     7 ||    45
       Potion            |     2 |     1 |     4 |     3 |     2 ||    12
 Stab: Invisible         |       |       |     1 |       |       ||     1
  Eat: Pizza             |     1 |     1 |     2 |       |       ||     4
       Beef jerky        |       |     1 |       |     2 |       ||     3
       Royal jelly       |       |     1 |       |     1 |       ||     2
       Meat ration       |       |     1 |     2 |     3 |       ||     6
       Bread ration      |       |       |       |     1 |       ||     1
